cohdb
Replays
Latest Replays
All Replays
Popular Replays
Top Player Replays
Match Explorer
How It Works
Community
CoH3 Stats
Reddit
Sign in to upload your games and track your stats! →
Sign in with Steam
Match 41704586
Unlisted
Match 41704586
Overview
Messages
Build Orders
End
Panzergrenadier Squad
Selects Armored Support Battlegroup
Selects Armored Support Battlegroup
Panzergrenadier Squad
Panzergrenadier Squad
Construct Light Support Kompanie
Selects Salvage Kits
MG34 Team
Selects Salvage Kits
Fire Support Elements
Flakvierling Half-track
Selects Veteran Gunners
Construct Panzerarmee Kommand
Assault Mechanized Group
Selects Panzer Storm
Panzer III L Medium Tank
Vehicle Survival Package
Panzer III L Medium Tank
Selects Stuka Dive Bomb
Stuka Dive Bomb
Armored Reserves
Selects Flammpanzer III Medium Tank
Panzergrenadier Squad
MG34 Team
Pak 38 Anti-tank Gun Team
Tiger Heavy Tank
Stuka Dive Bomb
Tungsten Core Ammunition
BIOHAZARD
=BIA=Daghito
demenza058
Andreuz
GoupiL ☮
MrLoser ★
Cadian Guardsman
Ellin
0
0
Comments
sign in to comment!
No comments posted yet!